 Dungeon Crawl Stone Soup version 0.28-a0-1518-gbe868bca14 (webtiles) character file.

Game seed: 3912854999898023649

66 bande the Covered (level 4, -4/28 HPs)
             Began as a Gargoyle Fighter on Jan 17, 2022.
             Slain by an iguana (8 damage)
             ... on level 3 of the Dungeon.
             The game lasted 00:04:25 (2040 turns).

bande the Covered (Gargoyle Fighter)                Turns: 2040, Time: 00:04:26

Health: -4/28      AC: 13    Str: 19    XL:     4   Next: 15%
Magic:  4/4        EV:  7    Int:  9    God:
Gold:   13         SH:  4    Dex: 11    Spells: 3/3 levels left

rFire   . . .      SeeInvis .   a - +1 war axe
rCold   . . .      Faith    .   c - +0 buckler
rNeg    + . .      Spirit   .   i - +0 chain mail
rPois   ∞          Reflect  .   (no helmet)
rElec   +          Harm     .   (no cloak)
rCorr   .          Rampage  .   (no gloves)
Will    .....                   (no boots)
Stlth   ..........              (no amulet)
HPRegen 0.09/turn               e - ring of flight
MPRegen 0.09/turn               (no ring)

@: flying
A: sickness immunity, AC +3, negative energy resistance 1, electricity
resistance, torment resistance 1, petrification resistance
a: no special abilities


You were on level 3 of the Dungeon.
You visited 1 branch of the dungeon, and saw 3 of its levels.

You collected 13 gold pieces.

Inventory:

Hand Weapons
 a - a +1 war axe (weapon)
Armour
 c - a +0 buckler (worn)
 i - a +0 chain mail (worn)
Jewellery
 e - a ring of flight (left hand)
Potions
 b - 3 potions of heal wounds {unknown}
 d - a potion of might
 g - a potion of haste


   Skills:
 + Level 3.6 Fighting
 + Level 2.5 Axes
 + Level 4.3 Armour
 + Level 3.6 Shields


You had 3 spell levels left.
You didn't know any spells.
Your spell library contained the following spells:

 Spells                   Type           Power      Damage    Failure   Level
 Sandblast                Erth           0%         2d4       99%         1
 Passwall                 Tmut/Erth      0%         N/A       100%        2
 Stone Arrow              Conj/Erth      0%         3d7       100%        3
 Animate Armour           Summ/Erth      0%         N/A       100%        4
 Lehudib's Crystal Spear  Conj/Erth      0%         10d2      100%        8


Dungeon Overview and Level Annotations

Branches:
Dungeon (3/15)

Altars:


Innate Abilities, Weirdness & Mutations

You are immune to sickness and miasma.
Your stone body is resilient. (AC +3)
You are immune to poison.
You resist negative energy. (rN+)
You are resistant to electric shocks. (rElec)
You are resistant to unholy torment.
You are immune to petrification.


Message History

You closely miss the quokka. You miss the bat. The bat hits you.
The bat barely misses you.
The quokka bites you but does no damage.
The bat hits you but does no damage. The quokka barely misses you.
You hit the iguana.
The iguana is lightly wounded.
You hit the quokka. You completely miss the bat. You block the bat's attack.
The iguana bites you but does no damage.
The quokka bites you but does no damage.
The bat hits you.
You closely miss the quokka.
The quokka is heavily wounded.
You slash the bat!
You kill the bat!
You completely miss the iguana. You block the quokka's attack.
The iguana barely misses you.
The quokka bites you but does no damage.
The iguana bites you but does no damage.
You closely miss the quokka.
The quokka is moderately wounded.
You barely miss the iguana. The quokka barely misses you. The iguana bites you.
The quokka bites you but does no damage.
Unknown command.
You miss the quokka.
The quokka is moderately wounded.
You closely miss the iguana.
The iguana bites you but does no damage.
The quokka bites you but does no damage.
The iguana bites you. The quokka barely misses you.
You barely miss the quokka.
The quokka is moderately wounded.
You hit the iguana. The quokka bites you. The iguana bites you.
Unknown command.
You closely miss the quokka.
The quokka is moderately wounded.
You hit the iguana but do no damage. The quokka barely misses you.
The iguana bites you!
* * * LOW HITPOINT WARNING * * *
The quokka completely misses you. The iguana bites you!
You die...

#.....#.......
#.....#.......
#....)#.....$
#...........
#.....#...#
#...:.#...#
##....l#...#####
#.....r@........
#.....##†##.....
#.... ##.## ...
#... #8.8# . #..
##.##### #.
#.#.##.## #
#8.8'...#
########
#.#.##.##
#.......
##.#####
#.......


You could see an iguana and a quokka.

Vanquished Creatures
  3 adders
  A dart slug (D:1)
  4 orcs (D:3)
  2 endoplasms (D:2)
  2 goblins
  4 hobgoblins
  2 kobolds (D:1)
  2 quokkas (D:2)
  5 ball pythons
  2 bats
  4 frilled lizards
  3 rats
34 creatures vanquished.

Notes
Turn   | Place    | Note
-------+----------+-------------------------------------------
     0 | D:1      | bande the Gargoyle Fighter began the quest for the Orb.
     0 | D:1      | Reached XP level 1. HP: 14/14 MP: 1/1
    63 | D:1      | Found a faded altar of an unknown god.
   297 | D:1      | Reached XP level 2. HP: 19/19 MP: 2/2
   742 | D:2      | You fall into a shaft and drop 1 floor!
   759 | D:3      | Reached skill level 4 in Armour
   759 | D:3      | Reached XP level 3. HP: 17/23 MP: 3/3
  1908 | D:3      | Reached XP level 4. HP: 27/28 MP: 4/4
  2040 | D:3      | Slain by an iguana

Illustrated notes

Levels and vault maps discovered:
D:1:      lightli_molten_gateway, layout_basic, ebering_ecumenical_altar_box
D:2:      layout_basic
D:3:      layout_basic, nicolae_kikubaaqudgha_miasma_corner,
          nicolae_tso_swordbearing_angel, mainiacjoe_overflow_swirl,
          nicolae_gozag_seed_capital, wad_orctagon, uniq_jessica

Skill      XL: |  1  2 |
---------------+-------+-----
Axes           | 2 |  2.5
Armour         | 4 |  4.3
Fighting       | |  3.6
Shields        | |  3.6

Action                   |  1- 3 |  4- 6 || total
-------------------------+-------+-------++-------
Melee: War axe           |    87 |    20 ||   107
  Use: Potion            |     2 |       ||     2
       Scroll            |     5 |       ||     5
Armor: Scale mail        |    36 |       ||    36
       Chain mail        |    21 |    15 ||    36
Dodge: Dodged            |    37 |    15 ||    52
Block: Buckler           |    23 |     8 ||    31

Table legend: (Time is in decaauts)
 A = Elapsed time spent in this place.
 B = Non-inter-level travel time spent in this place.
 C = Inter-level travel time spent in this place.
 D = Time resting spent in this place.
 E = Time spent auto-exploring this place.
 F = Levels seen in this place.
 G = Mean time per level.
                   A        B        C        D        E       F      G
               +--------+--------+--------+--------+--------+-----+--------+
         Total |   2089 |   2067 |     22 |    133 |   1432 |   3 |  696.3 |
       Dungeon |   2089 |   2067 |     22 |    133 |   1432 |   3 |  696.3 |
               +--------+--------+--------+--------+--------+-----+--------+

Top non-repeatable levels by time:
     D:2: 916 daAuts
     D:1: 813 daAuts
     D:3: 359 daAuts
